 Dungeon Crawl Stone Soup version 0.29-a0-23-ga79f92ac9c (webtiles) character file.

Game seed: 85623742635067650

67 Spectrina the Insei (level 3, -4/46 HPs)
             Began as a Draconian Monk on Jan 31, 2022.
             Slain by Duvessa (10 damage)
             ... on level 5 of the Dungeon.
             The game lasted 00:04:38 (483 turns).

Spectrina the Insei (Draconian Monk)                 Turns: 483, Time: 00:04:39

Health: -4/46      AC: 21    Str: 13    XL:     3   Next: 98%
Magic:  3/3        EV:  2    Int: 10    God:
Gold:   36         SH:  0    Dex: 15    Spells: 2/2 levels left

rFire   . . .      SeeInvis .     - Unarmed
rCold   . . .      Faith    .   (no shield)
rNeg    . . .      Spirit   .   (armour unavailable)
rPois   +          Reflect  .   (helmet currently unavailable)
rElec   .          Harm     .   (cloak currently unavailable)
rCorr   .          Rampage  .   (gloves currently unavailable)
Will    .....      NoTele   +   (boots currently unavailable)
Stlth   ++........              (no amulet)
HPRegen 0.15/turn               (no ring)
MPRegen 0.08/turn               (no ring)

@: tree-form
A: stationary, stasis, torment immunity, boosted hp, AC +5, unfitting armour,
(cold-blooded)
a: no special abilities


You were on level 5 of the Dungeon.
You were a tree.
You visited 1 branch of the dungeon, and saw 5 of its levels.

You collected 36 gold pieces.

Inventory:

Missiles
 h - 30 stones (quivered)
Potions
 a - a potion of magic {unknown}
 c - a potion of mutation {unknown}
 d - a potion of lignification
 i - a potion of cancellation {unknown}


   Skills:
 - Level 3.2 Fighting
 - Level 2.6 Dodging
 + Level 2.7 Stealth
 * Level 4.4 Unarmed Combat


You had 2 spell levels left.
You didn't know any spells.
Your spell library was empty.

Dungeon Overview and Level Annotations

Branches:
Dungeon (4/15)
 Temple: D:4-7

Altars:
Ru

Annotations:
D:5 Duvessa


Innate Abilities, Weirdness & Mutations

You are a tree.
Your roots penetrate the ground, keeping you stationary.
You cannot be teleported.
You are immune to unholy pain and torment.
Your maximum health is greatly increased.
Your equipment is partially melded.
((Your plain brown scales are hard. (AC +5)))
You cannot fit into any form of body armour.
((You are cold-blooded and may be slowed by cold attacks.))


Message History

Dowan hits you with a +7 dagger of venom.
Unknown command.
You smack Dowan!
Dowan is heavily wounded.
Duvessa's inner flame fades away.
Duvessa hits you but does no damage.
Dowan points at you and mumbles some strange words.
The puff of flame hits you but does no damage.
Unknown command.
Unknown command.
You smack Dowan!
Dowan is almost dead.
Duvessa hits you but does no damage. Dowan hits you but does no damage.
Unknown command.
You smack Dowan!
You kill Dowan!
Duvessa screams in rage.
Duvessa goes berserk!
Duvessa hits you but does no damage. x2
Your Unarmed Combat skill increases to level 4!
You have reached level 3!
Your experience leads to an increase in your attributes!
Increase (S)trength, (I)ntelligence, or (D)exterity?
You feel agile. x2; Your scales feel tougher.
You hit Duvessa.
Duvessa is lightly wounded.
Duvessa hits you but does no damage.
Unknown command.
Unknown command.
You smack Duvessa!
Duvessa is moderately wounded.
Duvessa hits you but does no damage.
You smack Duvessa!
Duvessa is heavily wounded.
Duvessa hits you with a +0 short sword. Duvessa hits you with a +0 short sword!
* * * LOW HITPOINT WARNING * * *
Unknown command.
You hit Duvessa but do no damage.
Duvessa is heavily wounded.
Duvessa hits you with a +0 short sword!
You die...

.#.# ...# #.. #.#
#.# #.#.# #.#.#
#.#)# #.#♣# #.#e#
##Z#h########
#..hhO....>..
#..ZY........
######...###.##.#O
#........# ...
#.###....##. .##
#.#............


You could see Duvessa (berserk), an ice beast, an ogre, a hound, a water
moccasin zombie and 2 jackals.

Vanquished Creatures
  Dowan (D:5)
  4 bats (D:1)
  An endoplasm (D:3)
  A giant cockroach (D:1)
  2 hobgoblins (D:1)
  3 ball pythons (D:1)
  A frilled lizard (D:1)
  2 kobolds (D:3)
  4 rats (D:1)
19 creatures vanquished.

Notes
Turn   | Place    | Note
-------+----------+-------------------------------------------
     0 | D:1      | Spectrina the Draconian Monk began the quest for the Orb.
     0 | D:1      | Reached XP level 1. HP: 19/19 MP: 1/1
    93 | D:1      | Reached XP level 2. HP: 26/26 MP: 2/2
   231 | D:3      | Found a sacrificial altar of Ru.
   442 | D:4      | You fall into a shaft and drop 1 floor!
   442 | D:5      | Entered Level 5 of the Dungeon
   442 | D:5      | Noticed Duvessa
   442 | D:5      | Noticed Dowan
   451 | D:5      | Noticed an ogre
   467 | D:5      | Noticed an ice beast
   479 | D:5      | Killed Dowan
   480 | D:5      | Reached skill level 4 in Unarmed Combat
   480 | D:5      | Reached XP level 3. HP: 17/31 MP: 3/3
   483 | D:5      | Slain by Duvessa

Illustrated notes

Levels and vault maps discovered:
D:1:      wander_arrival_chamber, layout_basic
D:2:      layout_loops_ring
D:3:      layout_loops_ring, nicolae_ru_path_of_blood,
          eat_drink_and_be_merry_uskayaw, shapermc_ecumenical_altar_flowoftime,
          uniq_ijyb
D:4:      layout_cave_pools, mainiacjoe_overflow_big_doors,
          kennysheep_generic_room_6, uniq_menkaure, uniq_pikel, uniq_robin
D:5:      layout_loops_ring, lemuel_doored_altar, uniq_duvessa

Skill      XL: |  1  2 |
---------------+-------+-----
Stealth        | 2 |  2.7
Unarmed Combat | 4 |  4.4
Fighting       | |  3.2
Dodging        | |  2.6

Action                   || total
-------------------------++-------
Melee: Unarmed           ||    49
       Punch             ||     3
       Tailslap          ||     8
  Use: Scroll            ||     4
       Potion            ||     1
 Stab: Sleeping          ||     7
Armor: Skin              ||    15
Dodge: Dodged            ||    28

Table legend: (Time is in decaauts)
 A = Elapsed time spent in this place.
 B = Non-inter-level travel time spent in this place.
 C = Inter-level travel time spent in this place.
 D = Time resting spent in this place.
 E = Time spent auto-exploring this place.
 F = Levels seen in this place.
 G = Mean time per level.
                   A        B        C        D        E       F      G
               +--------+--------+--------+--------+--------+-----+--------+
         Total |    478 |    478 |      0 |      0 |      0 |   5 |   95.6 |
       Dungeon |    478 |    478 |      0 |      0 |      0 |   5 |   95.6 |
               +--------+--------+--------+--------+--------+-----+--------+

Top non-repeatable levels by time:
     D:1: 216 daAuts
     D:3: 164 daAuts
     D:4: 52 daAuts
     D:5: 40 daAuts
     D:2: 4 daAuts
